[Event "Titled Tuesday Blitz March 07 Late 2023"]
[White "Sokolin, Leonid"]
[Black "Caruana, Fabiano"]
[WhiteFideId "2009161"]
[BlackFideId "2020009"]
[WhiteElo "2394"]
[BlackElo "2818"]
[Result "0-1"]
[Round "03"]
[TimeControl "180+2"]
[Date "2023.03.07"]
[WhiteClock "0:00:01"]
[BlackClock "0:00:04"]

1. e4 e5 2. Nf3 Nc6 3. Nc3 Nf6 4. Bb5 Bd6 5. d3 O-O 6. a3 h6 7. g4 Nd4 8. g5 hxg5 9. Bxg5 Nxb5 10. Nxb5 Be7 11. Nxe5 d5 12. Rg1 c6 13. Bh6 g6 14. Nc3 d4 15. Bxf8 Bxf8 16. Nxg6 fxg6 17. Ne2 Bg4 18. Qd2 Kh7 19. h3 Bh6 20. f4 Bxe2 21. Kxe2 Nh5 22. Raf1 Qh4 23. Rf3 Nxf4+ 24. Kf1 Rf8 25. Rg4 Qf6 26. Qf2 Kg7 27. Qh4 Qxh4 28. Rxh4 c5 29. Kf2 b5 30. Kg3 Ne2+ 31. Kf2 Nf4 32. Kg3 Nh5+ 33. Kf2 Be3+ 34. Ke2 Nf4+ 35. Kf1 a5 36. b3 a4 37. bxa4 bxa4 38. Rg4 Bc1 39. h4 Ne6 40. Rxf8 Nxf8 41. Rg5 Bxa3 42. Rd5 Bb4 43. Rd6 a3 44. Ra6 Nd7 45. Ra7 Kh6 46. Rxd7 Kh5 47. Ra7 Kxh4 48. Kf2 Kg4 49. Kg2 g5 50. Ra6 Kf4 51. Kf2 g4 52. Rf6+ Kg5 53. Ra6 c4 54. dxc4 Kf4 55. Re6 Bc5 56. Ke2 g3 0-1


[Site "https://www.chess.com"]

[Event "Titled Tuesday Blitz March 07 Late 2023"]
[White "Grycel, Kamil"]
[Black "Liang, Awonder"]
[WhiteFideId "1115499"]
[BlackFideId "2056437"]
[WhiteElo "2508"]
[BlackElo "2508"]
[Result "0-1"]
[Round "03"]
[TimeControl "180+2"]
[Date "2023.03.07"]
[WhiteClock "0:00:05"]
[BlackClock "0:00:06"]

1. b3 e5 2. Bb2 Nc6 3. Nf3 e4 4. Nd4 Nf6 5. e3 Bc5 6. Nxc6 dxc6 7. d4 Bd6 8. Nd2 h5 9. Nc4 Qe7 10. Nxd6+ Qxd6 11. h3 Be6 12. Be2 O-O-O 13. c4 h4 14. Qd2 Kb8 15. O-O-O Bc8 16. Kb1 g5 17. Qa5 Rhg8 18. f3 Rde8 19. Qc3 Qg3 20. d5 Qxg2 21. Qxf6 Qxe2 22. fxe4 Qxe3 23. Rde1 Qd3+ 24. Ka1 cxd5 25. cxd5 Rxe4 26. Rd1 Qg3 27. Qxf7 Rge8 28. d6 cxd6 29. Rc1 R4e7 30. Qf6 Qf4 31. Qc3 b6 32. Rhd1 Bb7 33. Ba3 Rc8 34. Qd4 Rxc1+ 35. Bxc1 Qxd4+ 36. Rxd4 Re1 37. Kb2 Rg1 38. Rxd6 Bc8 39. Rg6 Bxh3 40. Rxg5 Bg4 41. Rg7 h3 42. Bf4+ Ka8 43. Rh7 Rf1 44. Be5 Re1 45. Bd6 Re6 46. Bg3 Re3 47. Bf4 Re4 48. Bd6 a5 49. a4 Re6 50. Bg3 Re3 51. Bf4 Rf3 52. Be5 Be6 53. Re7 Bd5 54. Bc7 h2 55. Bxh2 Rf2+ 56. Kc3 Rxh2 57. b4 axb4+ 58. Kxb4 Bc6 59. a5 Rh4+ 60. Kb3 bxa5 61. Ka3 Kb8 62. Rg7 Rh3+ 63. Ka2 Rd3 64. Kb2 Rd5 65. Re7 Bb7 66. Ka3 Ka7 67. Rg7 Kb6 68. Rg6+ Bc6 69. Rg3 Re5 70. Rh3 Bd5 71. Rc3 Re2 72. Ka4 Ra2+ 73. Ra3 Rd2 74. Rc3 Bc6+ 75. Kb3 Kb5 76. Ka3 Bd5 0-1


[Site "https://www.chess.com"]

[Event "Titled Tuesday Blitz March 07 Late 2023"]
[White "Fressinet, Laurent"]
[Black "Dragomirescu, Angela"]
[WhiteFideId "608742"]
[BlackFideId "1209914"]
[WhiteElo "2633"]
[BlackElo "2171"]
[Result "0-1"]
[Round "03"]
[TimeControl "180+2"]
[Date "2023.03.07"]
[WhiteClock "0:00:01"]
[BlackClock "0:00:13"]

1. e4 e5 2. Nf3 Nc6 3. Bb5 a6 4. Ba4 Bc5 5. O-O Nge7 6. c3 Ba7 7. d4 Ng6 8. d5 Nce7 9. d6 cxd6 10. Qxd6 O-O 11. Bc2 Bb8 12. Qd1 d5 13. exd5 Qxd5 14. Nbd2 Bf5 15. Bxf5 Nxf5 16. Nb3 Rd8 17. Bg5 f6 18. Qc2 Qe6 19. Nc5 Qc8 20. Bc1 Ba7 21. Ne4 Kh8 22. Qe2 Qe6 23. a4 Rac8 24. a5 Qc4 25. Qxc4 Rxc4 26. Nfd2 Rc7 27. g3 Rcd7 28. Nc4 Rc7 29. Ra4 Kg8 30. Nb6 Bxb6 31. axb6 Rc6 32. Rb4 h5 33. h3 Nf8 34. g4 hxg4 35. hxg4 Ne7 36. Rb3 Ne6 37. Be3 Nd5 38. Rd1 Nxe3 39. Rxd8+ Nxd8 40. fxe3 Ne6 41. Rb4 Kf8 42. Kf2 Nc5 43. Kf3 Nd3 44. Rb3 Ke7 45. c4 Ne1+ 46. Ke2 Rxc4 47. Nc3 Ng2 48. Nd5+ Kd7 49. Rd3 Kc6 50. Ne7+ Kxb6 51. Rd6+ Ka7 52. Rd7 Rxg4 53. Nf5 Nh4 54. Nd6 Rg2+ 55. Kd3 Rxb2 56. Rxg7 Ng2 57. Rg8 a5 58. Kc4 a4 59. Nb5+ Kb6 60. Nc3 a3 61. Ra8 Nxe3+ 62. Kd3 Nf5 63. Rxa3 Kc7 64. Nd5+ Kd6 65. Nxf6 Nd4 66. Ne4+ Ke6 67. Nc5+ Kd5 68. Ne4 Rb3+ 69. Rxb3 Nxb3 70. Nc3+ Kd6 71. Ke4 Nc5+ 72. Kf5 e4 73. Ne2 Kd5 74. Kf4 b5 75. Ke3 Kc4 76. Kd2 b4 0-1


[Site "https://www.chess.com"]

[Event "Titled Tuesday Blitz March 07 Late 2023"]
[White "Zirkelbach, Maj"]
[Black "Rasulov, Vugar"]
[WhiteFideId "14613395"]
[BlackFideId "13402390"]
[WhiteElo "2138"]
[BlackElo "2509"]
[Result "0-1"]
[Round "03"]
[TimeControl "180+2"]
[Date "2023.03.07"]
[WhiteClock "0:00:06"]
[BlackClock "0:02:15"]

1. d4 d5 2. c4 e6 3. Nf3 a6 4. cxd5 exd5 5. Nc3 c6 6. Qc2 Bd6 7. e4 dxe4 8. Qxe4+ Ne7 9. Bg5 h6 10. Bxe7 Qxe7 11. Bd3 Qxe4+ 12. Bxe4 O-O 13. O-O Nd7 14. d5 c5 15. a4 Nf6 16. Bc2 Bd7 17. Rfe1 b5 18. axb5 axb5 19. Rxa8 Rxa8 20. Nd2 Re8 21. Rxe8+ Nxe8 22. Nde4 Kf8 23. Nxd6 Nxd6 24. Ne4 Nxe4 25. Bxe4 Ke7 26. Kf1 Kd6 27. Ke2 f5 28. Bf3 b4 29. Ke3 g5 30. g3 Ba4 31. h4 Bb3 32. hxg5 hxg5 33. Bh5 Bxd5 34. Bg6 Be6 35. Kd3 Ke5 36. Be8 c4+ 37. Ke3 f4+ 38. gxf4+ gxf4+ 39. Kd2 Kd4 40. Bc6 c3+ 41. bxc3+ bxc3+ 42. Kc1 Bf5 43. Bb5 Bd3 44. Bc6 Ke5 45. Bf3 Kf5 46. Bd1 Kg5 47. Bf3 Kh4 48. Bd5 Kh3 49. Kd1 Kh2 50. Ke1 Kg1 51. f3 Kg2 52. Bc6 Kg3 53. Bd5 Bg6 54. Bc6 Bh5 55. Ke2 Bxf3+ 56. Bxf3 c2 57. Kd2 Kxf3 58. Kxc2 Ke2 0-1


[Site "https://www.chess.com"]

[Event "Titled Tuesday Blitz March 07 Late 2023"]
[White "Dominguez Perez, Leinier"]
[Black "Gireman, Ja"]
[WhiteFideId "3503240"]
[BlackFideId "5043794"]
[WhiteElo "2647"]
[BlackElo "2153"]
[Result "1-0"]
[Round "03"]
[TimeControl "180+2"]
[Date "2023.03.07"]
[WhiteClock "0:01:50"]
[BlackClock "0:00:11"]

1. e4 e6 2. d4 d5 3. e5 Be7 4. Bd3 c5 5. c3 Nc6 6. Nf3 Nh6 7. Bxh6 gxh6 8. O-O Qb6 9. Qd2 c4 10. Be2 Bd7 11. Qc2 f6 12. exf6 Bxf6 13. Nbd2 O-O 14. b3 cxb3 15. Nxb3 Be8 16. Nc5 Bg6 17. Bd3 Ne7 18. Rab1 Qd6 19. Rxb7 Rf7 20. Re1 Bh5 21. Ne5 Bxe5 22. Rxe5 Raf8 23. Rxe6 Qd8 1-0


[Site "https://www.chess.com"]

[Event "Titled Tuesday Blitz March 07 Late 2023"]
[White "Estrada Nieto, Julian"]
[Black "Li, Ruifeng"]
[WhiteFideId "5101018"]
[BlackFideId "2061074"]
[WhiteElo "2176"]
[BlackElo "2441"]
[Result "0-1"]
[Round "03"]
[TimeControl "180+2"]
[Date "2023.03.07"]
[WhiteClock "0:00:24"]
[BlackClock "0:00:51"]

1. e4 b6 2. d4 Bb7 3. Nc3 e6 4. Nf3 d6 5. Bd3 Nd7 6. O-O Be7 7. Qe2 a6 8. a4 g5 9. d5 e5 10. Nd2 h5 11. Nc4 g4 12. f3 Nh6 13. Ne3 Bg5 14. Nf5 Bxc1 15. Raxc1 Nxf5 16. exf5 gxf3 17. Qxf3 Nf6 18. Ne4 Nxe4 19. Bxe4 Qf6 20. a5 bxa5 21. Qb3 Bc8 22. Qa4+ Bd7 23. Qxa5 Ke7 24. c4 Rhg8 25. c5 Rg4 26. Bf3 Ra4 27. Qxc7 Rc8 28. cxd6+ Qxd6 29. f6+ Qxf6 30. Qxd7+ Kxd7 31. Bg4+ Rxg4 32. Rxc8 Qb6+ 33. Kh1 Kxc8 34. h3 Rf4 35. Rc1+ Kd7 0-1


[Site "https://www.chess.com"]

[Event "Titled Tuesday Blitz March 07 Late 2023"]
[White "Samsonkin, Artiom"]
[Black "Kozin, Yuri"]
[WhiteFideId "13503111"]
[BlackFideId "4129920"]
[WhiteElo "2524"]
[BlackElo "2489"]
[Result "1-0"]
[Round "03"]
[TimeControl "180+2"]
[Date "2023.03.07"]
[WhiteClock "0:00:40"]
[BlackClock "0:00:17"]

1. e4 c5 2. Nc3 e6 3. d4 cxd4 4. Qxd4 Nc6 5. Qd3 a6 6. Bf4 Nge7 7. O-O-O Ng6 8. Bd6 Bxd6 9. Qxd6 Qe7 10. g3 Qxd6 11. Rxd6 Ke7 12. Rd2 b5 13. f4 Bb7 14. Bg2 Na5 15. b3 Rac8 16. Nge2 f5 17. Rhd1 Rhd8 18. Kb2 b4 19. Na4 Bxe4 20. Bxe4 fxe4 21. Rd4 d5 22. Rxb4 Rc7 23. Nd4 Nc6 24. Rb7 Rxb7 25. Nxc6+ Kd7 26. Nxd8 Kxd8 27. Nc5 Rb6 28. Nxe4 Ke7 29. Nc3 Rc6 30. f5 exf5 31. Nxd5+ Kf7 32. c4 h5 33. Re1 h4 34. Kc3 hxg3 35. hxg3 Nf8 36. Re7+ Kg8 37. Re5 g6 38. Ne7+ 1-0


[Site "https://www.chess.com"]

[Event "Titled Tuesday Blitz March 07 Late 2023"]
[White "Poeta, Caio Medeiros"]
[Black "Tristan, Leonardo"]
[WhiteFideId "2142660"]
[BlackFideId "113816"]
[WhiteElo "2191"]
[BlackElo "2461"]
[Result "0-1"]
[Round "03"]
[TimeControl "180+2"]
[Date "2023.03.07"]
[WhiteClock "0:01:05"]
[BlackClock "0:00:26"]

1. d4 d5 2. c4 e6 3. Nf3 Nf6 4. g3 Be7 5. Bg2 O-O 6. O-O dxc4 7. Qc2 a6 8. a4 Bd7 9. Rd1 Nc6 10. Qxc4 b5 11. axb5 axb5 12. Rxa8 Qxa8 13. Qb3 Na5 14. Qc2 Bc6 15. Bg5 Nc4 16. Nbd2 Qa6 17. Nxc4 bxc4 18. Ne5 Ba4 19. Ra1 Bxc2 20. Rxa6 Bd1 21. e3 Be2 22. Ra7 Bd6 23. Bxf6 gxf6 24. Nd7 Rd8 25. Nxf6+ Kg7 26. Ne4 Rb8 27. Ra2 Bb4 28. Nc3 Bxc3 29. bxc3 Rb1+ 30. Bf1 Bxf1 0-1


[Site "https://www.chess.com"]

[Event "Titled Tuesday Blitz March 07 Late 2023"]
[White "Yanchenko, Roman"]
[Black "Kleiman, Jake"]
[WhiteFideId "4137329"]
[BlackFideId "2020041"]
[WhiteElo "2491"]
[BlackElo "2483"]
[Result "1-0"]
[Round "03"]
[TimeControl "180+2"]
[Date "2023.03.07"]
[WhiteClock "0:00:59"]
[BlackClock "0:00:13"]

1. d4 Nf6 2. c4 e6 3. Nf3 Bb4+ 4. Bd2 Bxd2+ 5. Qxd2 O-O 6. e3 d5 7. Nc3 Qe7 8. Rd1 Rd8 9. a3 a6 10. Qc2 dxc4 11. Bxc4 c5 12. dxc5 Rxd1+ 13. Qxd1 Qxc5 14. Na4 Qc7 15. Qd4 Nbd7 16. Nc3 b5 17. Be2 Bb7 18. O-O h6 19. Rd1 Rc8 20. h3 Qc6 21. Ne1 Qc7 22. Bf3 Bxf3 23. Nxf3 Qc6 24. Ne5 Nxe5 25. Qxe5 Qc4 26. Qd6 a5 27. Qa6 b4 28. Rd8+ Rxd8 29. Qxc4 bxc3 30. Qxc3 a4 31. Qc6 Rd1+ 32. Kh2 Rd2 33. Qxa4 Rxb2 34. Kg3 h5 35. Kf3 Rd2 36. Qb4 Ra2 37. a4 Nd5 38. Qb8+ Kh7 39. Qb3 Ra1 40. Qb2 Re1 41. a5 1-0


[Site "https://www.chess.com"]

[Event "Titled Tuesday Blitz March 07 Late 2023"]
[White "TimGrutter03"]
[Black "Boyer, Mahel"]
[BlackFideId "45102422"]
[WhiteElo "2482"]
[BlackElo "2439"]
[Result "1-0"]
[Round "03"]
[TimeControl "180+2"]
[Date "2023.03.07"]
[WhiteClock "0:00:20"]
[BlackClock "0:00:02"]

1. e4 Nc6 2. Nf3 d5 3. exd5 Qxd5 4. Nc3 Qh5 5. Be2 Bg4 6. Ne4 O-O-O 7. Ng3 Qd5 8. h3 Bxf3 9. Bxf3 Qe5+ 10. Qe2 Qxe2+ 11. Nxe2 Ne5 12. Bg4+ e6 13. Nc3 Nf6 14. Be2 Nc6 15. d3 Nd4 16. Bd1 Bc5 17. Be3 a6 18. Ne4 Bb6 19. c3 Nxe4 20. dxe4 Nc6 21. Bxb6 cxb6 22. Be2 g5 23. h4 h6 24. Rd1 Rdg8 25. hxg5 hxg5 26. Kd2 Ne5 27. Ke3 Ng6 28. g3 Rxh1 29. Rxh1 Rh8 30. Rxh8+ Nxh8 31. Bh5 Kd7 32. e5 Ke7 33. f4 Ng6 34. Bxg6 fxg6 35. Kf3 b5 36. Kg4 gxf4 37. gxf4 Kf7 38. Kg5 Kg7 39. b3 b6 40. a4 bxa4 41. bxa4 b5 42. a5 Kf7 43. Kh6 Ke7 44. Kxg6 Kd7 45. Kf7 Kc7 46. Kxe6 b4 47. cxb4 1-0


[Site "https://www.chess.com"]

[Event "Titled Tuesday Blitz March 07 Late 2023"]
[White "EREBUNI91"]
[Black "Goltseva, Ekaterina"]
[BlackFideId "24173770"]
[WhiteElo "2738"]
[BlackElo "2200"]
[Result "1-0"]
[Round "03"]
[TimeControl "180+2"]
[Date "2023.03.07"]
[WhiteClock "0:00:13"]
[BlackClock "0:00:02"]

1. e4 e5 2. Nf3 Nf6 3. d4 Nxe4 4. Bd3 d5 5. Nxe5 Bd6 6. O-O O-O 7. Nd2 Bf5 8. Qf3 Nxd2 9. Bxd2 Bxd3 10. Nxd3 Nc6 11. c3 Ne7 12. Rae1 Ng6 13. Qh5 c6 14. f4 Re8 15. f5 Nf8 16. f6 Rxe1 17. Bxe1 Qe8 18. fxg7 Ng6 19. Bd2 Qe4 20. Nf2 Qh4 21. Qxh4 Nxh4 22. Bg5 Ng6 23. Bf6 Be7 24. Ng4 Bxf6 25. Nxf6+ Kxg7 26. Nh5+ Kf8 27. Re1 h6 28. Nf6 Rd8 29. g3 Kg7 30. Nh5+ Kf8 31. Kf2 Re8 32. Rxe8+ Kxe8 33. Ng7+ Kf8 34. Nf5 h5 35. Nd6 b5 36. Kf3 Ke7 37. Nb7 Kf6 38. Nd8 Ne7 39. Kf4 a5 40. g4 hxg4 41. Kxg4 Kg6 42. b3 f5+ 43. Kf4 Kf6 44. h4 Ng6+ 45. Kg3 Ne7 46. a4 bxa4 47. bxa4 Kg6 48. Nb7 Kh5 49. Nxa5 f4+ 50. Kxf4 Kxh4 51. Nb7 Kh3 52. a5 Kg2 53. a6 Nc8 54. Na5 Na7 55. Ke5 Kf3 56. Kd6 Ke3 57. Nxc6 Nb5+ 58. Kc5 Nc7 59. a7 Kd3 60. Kb6 Na8+ 61. Kb7 Kxc3 62. Kxa8 1-0


[Site "https://www.chess.com"]

[Event "Titled Tuesday Blitz March 07 Late 2023"]
[White "Manukian, Artak"]
[Black "Adewumi, Tanitoluwa"]
[WhiteFideId "13301373"]
[BlackFideId "30966396"]
[WhiteElo "2130"]
[BlackElo "2735"]
[Result "0-1"]
[Round "03"]
[TimeControl "180+2"]
[Date "2023.03.07"]
[WhiteClock "0:00:56"]
[BlackClock "0:00:13"]

1. e4 c5 2. Nf3 e6 3. c3 Nf6 4. e5 Nd5 5. d4 cxd4 6. cxd4 b6 7. Nc3 Bb7 8. Bd3 Nxc3 9. bxc3 d6 10. O-O Be7 11. Bf4 dxe5 12. Nxe5 O-O 13. Qh5 f5 14. Rfe1 Nd7 15. Nxd7 Qxd7 16. Re3 Rac8 17. Rh3 h6 18. Bxh6 Qe8 19. Qxe8 Rfxe8 20. Bd2 Bf6 21. f4 Red8 22. a4 Rxd4 23. cxd4 Bxd4+ 24. Kf1 Bxa1 25. Re3 Kf7 26. Re1 Bd4 27. Rc1 Rxc1+ 28. Bxc1 Bc6 29. Bb5 Bxb5+ 30. axb5 e5 31. fxe5 Bxe5 32. Ke2 Ke6 33. Kd3 Kd5 34. Ba3 Bxh2 35. Bf8 Be5 36. Be7 g6 37. Bb4 g5 38. Bd2 g4 39. Be3 f4 40. Bf2 f3 41. gxf3 gxf3 42. Be3 Bd6 43. Bc1 Bc5 44. Bb2 f2 45. Ke2 Kc4 0-1


[Site "https://www.chess.com"]

[Event "Titled Tuesday Blitz March 07 Late 2023"]
[White "Iliaguev, Nisim"]
[Black "Prydun, Andriy"]
[WhiteFideId "2817276"]
[BlackFideId "14145898"]
[WhiteElo "2241"]
[BlackElo "2164"]
[Result "1/2-1/2"]
[Round "03"]
[TimeControl "180+2"]
[Date "2023.03.07"]
[WhiteClock "0:00:14"]
[BlackClock "0:00:10"]

1. d4 a5 2. g3 Ra6 3. Bg2 Rd6 4. Nf3 Nf6 5. O-O g6 6. c4 Bg7 7. Nc3 O-O 8. e4 Ng4 9. d5 Ne5 10. Bf4 Nxf3+ 11. Bxf3 Ra6 12. Qe2 Ra8 13. Rac1 Na6 14. Rfd1 Nc5 15. h4 h5 16. Be3 d6 17. Bd4 Bh6 18. Rb1 Nd7 19. Bg2 Ne5 20. f4 Bg4 21. Qf1 Bxd1 22. Rxd1 Nd7 23. e5 Bg7 24. Re1 f5 25. Qd3 b6 26. a3 Rc8 27. Qe3 Kh7 28. Nd1 Re8 29. Nf2 e6 30. exd6 exd5 31. Qxe8 Qxe8 32. Rxe8 Rxe8 33. Bxg7 Kxg7 34. dxc7 Rc8 35. Bxd5 Rxc7 36. Nd3 Nf6 37. Be6 Re7 38. Bc8 Re4 39. Ne5 Re3 40. b4 axb4 41. axb4 Rxg3+ 42. Kf2 Ne4+ 43. Ke2 Rb3 44. b5 Kf6 45. Bd7 Nc5 46. Be8 Rh3 47. Nxg6 Ne4 48. Ne5 Rxh4 49. Bc6 Rh2+ 50. Ke3 Rh3+ 51. Kd4 Nc5 52. Kd5 Rb3 53. Kd6 Na4 54. Kc7 h4 55. Nd7+ Kg7 56. Nxb6 Nxb6 57. Kxb6 h3 58. Kc5 h2 59. b6 Kf7 60. b7 Ke7 61. Kd4 Kd6 62. Bd5 Kc7 63. Ke5 Rxb7 64. Kxf5 Ra7 65. Kg4 Ra4 66. Kg3 Rxc4 67. Kxh2 Rxf4 68. Kg3 Rf6 69. Bf3 Rd6 70. Kf2 Kb6 71. Ke3 Kc5 72. Ke4 Rd8 73. Ke5 Rb8 74. Kf6 Rb4 75. Bh5 Rb2 76. Bf7 Rd2 77. Kg7 Kd4 78. Kh8 Ke5 79. Bg8 Rf2 80. Ba2 Kf6 81. Bb3 Rd2 82. Bc4 Rf2 83. Bb3 Rb2 84. Bc4 Rb4 85. Ba2 Rg4 86. Bb3 Kg5 87. Ba2 Kh6 88. Bg8 Rg7 89. Bb3 Kg6 90. Bc2+ Kf7 91. Bb3+ Kf8 92. Ba2 Rg2 93. Bb1 Rh2+ 94. Bh7 Rb2 95. Bd3 Rb8 96. Kh7 Rd8 97. Be4 Rd6 98. Bf5 Rd4 99. Bb1 Rb4 100. Bc2 Ke7 101. Kg6 Ke6 102. Bd3 Ke5 103. Bc2 1/2-1/2


[Site "https://www.chess.com"]

[Event "Titled Tuesday Blitz March 07 Late 2023"]
[White "Dudzinski, Pawel"]
[Black "Bitoon, Richard"]
[WhiteFideId "1117890"]
[BlackFideId "5201110"]
[WhiteElo "2099"]
[BlackElo "2374"]
[Result "1-0"]
[Round "03"]
[TimeControl "180+2"]
[Date "2023.03.07"]
[WhiteClock "0:00:07"]
[BlackClock "0:00:02"]

1. e4 e5 2. Nf3 Nc6 3. d4 exd4 4. Nxd4 Nf6 5. Nxc6 bxc6 6. e5 Qe7 7. Qe2 Nd5 8. c4 Ba6 9. b3 g5 10. g3 Bg7 11. Bb2 O-O-O 12. Bh3 Rde8 13. O-O h5 14. Re1 h4 15. Qg4 Nf6 16. exf6 Qxe1+ 17. Kg2 hxg3 18. hxg3 Re2 19. Qf5 Rxh3 20. Kxh3 Qh1+ 21. Kg4 Re4+ 22. f4 gxf4 23. Nc3 fxg3+ 24. Qxe4 Qh6 25. fxg7 Qxg7+ 26. Kf3 Kb8 27. Qg4 Qf6+ 28. Kxg3 Qe5+ 29. Qf4 Qg7+ 30. Qg4 Qf6 31. Re1 c5 32. Na4 1-0


[Site "https://www.chess.com"]

[Event "Titled Tuesday Blitz March 07 Late 2023"]
[White "Mirzoev, Azer"]
[Black "Girsh, Daniel"]
[WhiteFideId "13400304"]
[BlackFideId "30949190"]
[WhiteElo "2525"]
[BlackElo "2075"]
[Result "1-0"]
[Round "03"]
[TimeControl "180+2"]
[Date "2023.03.07"]
[WhiteClock "0:01:04"]
[BlackClock "0:00:23"]

1. d4 Nf6 2. c4 g6 3. Nc3 Bg7 4. e4 O-O 5. f3 d6 6. Bg5 Nbd7 7. Qd2 a6 8. Nh3 c5 9. d5 b5 10. cxb5 Qa5 11. Nf2 Nb6 12. a4 axb5 13. Bxb5 Ba6 14. O-O Bxb5 15. axb5 Qxa1 16. Rxa1 Rxa1+ 17. Nfd1 Rfa8 18. h3 R8a7 19. Kh2 Ne8 20. Bh6 Bd4 21. Ne3 Nc7 22. Nc2 Bg1+ 23. Kg3 Rf1 24. Qe2 Rf2 25. Qd1 Nc4 26. Ne3 Nxe3 27. Bxe3 Rxg2+ 28. Kxg2 Bxe3 29. b6 Rb7 30. bxc7 Rxc7 31. Qe2 Bd4 32. Nb5 Rb7 33. Nxd4 cxd4 34. Qd2 Rb3 35. Qxd4 f6 36. Qd2 Kf7 37. Qc2 Rb4 38. b3 h5 39. h4 g5 40. hxg5 fxg5 41. Qc3 Rb8 42. b4 Ra8 43. Qb2 Kg6 44. b5 Rb8 45. b6 Rb7 46. Qb5 Kf6 47. Qc6 Rb8 48. b7 g4 49. fxg4 Rg8 50. Qc8 Rxg4+ 51. Qxg4 hxg4 52. b8=Q 1-0


[Site "https://www.chess.com"]

[Event "Titled Tuesday Blitz March 07 Late 2023"]
[White "Aldokhin, Ivan"]
[Black "Vovk, Orest"]
[WhiteFideId "24115720"]
[BlackFideId "14113490"]
[WhiteElo "2322"]
[BlackElo "2215"]
[Result "1-0"]
[Round "03"]
[TimeControl "180+2"]
[Date "2023.03.07"]
[WhiteClock "0:00:45"]
[BlackClock "0:01:42"]

1. e4 g5 2. f4 g4 3. Qxg4 d5 4. Qe2 dxe4 5. Nc3 Nf6 6. Nxe4 Nxe4 7. Qxe4 Nc6 8. Nf3 Be6 9. Bc4 Bxc4 10. Qxc4 Qd6 11. O-O f6 12. f5 O-O-O 13. d3 h5 14. Bf4 Qd5 15. Qe4 Qc5+ 16. Kh1 Qxc2 17. Rfd1 1-0


[Site "https://www.chess.com"]

[Event "Titled Tuesday Blitz March 07 Late 2023"]
[White "Tatarinov, Dmitry"]
[Black "Papayan, Oleg"]
[WhiteFideId "24160067"]
[BlackFideId "4193911"]
[WhiteElo "2326"]
[BlackElo "2153"]
[Result "1-0"]
[Round "03"]
[TimeControl "180+2"]
[Date "2023.03.07"]
[WhiteClock "0:00:48"]
[BlackClock "0:00:01"]

1. d4 Nf6 2. Nf3 d5 3. c4 e6 4. Nc3 c5 5. cxd5 Nxd5 6. e4 Nxc3 7. bxc3 cxd4 8. cxd4 Bb4+ 9. Bd2 Bxd2+ 10. Qxd2 O-O 11. Bc4 b6 12. O-O Bb7 13. Rfe1 Nd7 14. Bb3 Nf6 15. d5 exd5 16. e5 Ne4 17. Qf4 Qe7 18. Rad1 Rad8 19. Nd4 Rfe8 20. f3 Nc5 21. h4 Ne6 22. Qg3 Nxd4 23. Rxd4 Qc5 24. Rd1 Re6 25. h5 Rde8 26. f4 f6 27. h6 g6 28. exf6 Rxf6 29. Kh2 Rf5 30. Qf3 Rh5+ 31. Kg3 Rd8 32. Qe3 Rxh6 33. Qe6+ Kg7 34. Rc4 dxc4 35. Rxd8 cxb3 36. Rd7+ 1-0


[Site "https://www.chess.com"]

[Event "Titled Tuesday Blitz March 07 Late 2023"]
[White "Golubev, Mikhail"]
[Black "Rastbod, Ali"]
[WhiteFideId "14100983"]
[BlackFideId "12567477"]
[WhiteElo "2374"]
[BlackElo "2211"]
[Result "1-0"]
[Round "03"]
[TimeControl "180+2"]
[Date "2023.03.07"]
[WhiteClock "0:00:17"]
[BlackClock "0:00:01"]

1. e4 Nc6 2. Nc3 e5 3. Nf3 g6 4. d4 exd4 5. Nxd4 Bg7 6. Be3 Nge7 7. Nxc6 bxc6 8. Bd4 O-O 9. Bxg7 Kxg7 10. Bc4 d6 11. O-O Rb8 12. Qd4+ f6 13. Qxa7 Rb6 14. Qa3 d5 15. Rad1 Be6 16. Rfe1 Bf7 17. exd5 Nxd5 18. Bb3 Re8 19. Rxe8 Qxe8 20. Qc5 Qf8 21. Qxf8+ Kxf8 22. Na4 Rb8 23. Nc5 Ke7 24. Re1+ Kd8 25. Ne4 Bg8 26. Bxd5 cxd5 27. Nxf6 Bf7 28. b3 h5 29. Nxd5 Bxd5 30. Rd1 c6 31. c4 Ra8 32. cxd5 Rxa2 33. dxc6+ Kc7 34. Rc1 Rb2 35. g3 Rxb3 36. Rc5 Ra3 37. Rg5 Kxc6 38. Rxg6+ Kd5 39. Rh6 Ke4 40. Rxh5 Kf3 41. Rf5+ Ke2 42. Kg2 Ra5 43. Rxa5 1-0


[Site "https://www.chess.com"]

[Event "Titled Tuesday Blitz March 07 Late 2023"]
[White "ArchibaldCerveza29"]
[Black "Rytenko, Vsevolod"]
[BlackFideId "14133040"]
[WhiteElo "2461"]
[BlackElo "2262"]
[Result "1-0"]
[Round "03"]
[TimeControl "180+2"]
[Date "2023.03.07"]
[WhiteClock "0:00:21"]
[BlackClock "0:00:05"]

1. e4 c5 2. Nf3 d6 3. d4 cxd4 4. Nxd4 Nf6 5. Nc3 g6 6. Be3 Bg7 7. f3 O-O 8. Qd2 Nc6 9. Bc4 Bd7 10. Bb3 Rc8 11. g4 Nxd4 12. Bxd4 b5 13. O-O-O a5 14. g5 Nh5 15. Bxg7 Nxg7 16. a4 b4 17. Nd5 Ne6 18. Kb1 Nc5 19. h4 Bxa4 20. Bxa4 Nxa4 21. h5 Nc3+ 22. bxc3 bxc3 23. Qd4 Rc5 24. Nxc3 Qb8+ 25. Kc1 Rfc8 26. Rd3 e5 27. Qe3 Qb4 28. Kd2 a4 29. Rb1 Qa5 30. hxg6 hxg6 31. f4 exf4 32. Qh3 R5c6 33. Rh1 Kf8 34. Qh8+ Ke7 35. Qf6+ Kd7 36. Qxf7+ 1-0


[Site "https://www.chess.com"]

[Event "Titled Tuesday Blitz March 07 Late 2023"]
[White "Hernandez Sanchez, Elvis De La Caridad"]
[Black "Sochacki, Christophe"]
[WhiteFideId "6400353"]
[BlackFideId "662569"]
[WhiteElo "2461"]
[BlackElo "2474"]
[Result "1-0"]
[Round "03"]
[TimeControl "180+2"]
[Date "2023.03.07"]
[WhiteClock "0:00:14"]
[BlackClock "0:00:05"]

1. e4 a5 2. d4 a4 3. Nf3 e6 4. Nc3 d5 5. Bd3 a3 6. O-O Nf6 7. exd5 exd5 8. Re1+ Be7 9. bxa3 O-O 10. Ne5 Bxa3 11. Bg5 Bb2 12. Nxd5 Qxd5 13. Bxf6 h6 14. Bxg7 Kxg7 15. Re3 Rh8 16. Rg3+ Kf8 17. Rf3 Be6 18. Rb1 Bxd4 19. Ng6+ Kg7 20. Nxh8 Kxh8 21. Qd2 Bg7 22. Rg3 Nd7 23. Rb4 Rxa2 24. h3 Qh5 25. Be2 Ra1+ 26. Kh2 Qe5 27. Rh4 Qf6 28. Rh5 Ne5 29. Bd3 Nxd3 30. cxd3 Ra6 31. Qe3 Bd7 32. Rf3 Qd6+ 33. g3 Qe6 34. Qd2 Qg6 35. Rd5 Rd6 36. Rxd6 cxd6 37. Rf4 Bc6 38. Rh4 Qf6 39. Rf4 Qe6 40. Rg4 Kh7 41. d4 Qf5 42. Rf4 Qd5 43. f3 Qxd4 44. Rxd4 d5 45. Qd3+ Kg8 46. Rxd5 Bxd5 47. Qxd5 Bf8 48. Qxb7 Kg7 49. Qb5 f6 50. Kg2 Kg6 51. g4 Bd6 52. h4 Kg7 53. h5 Be5 54. Qd5 1-0


[Site "https://www.chess.com"]

[Event "Titled Tuesday Blitz March 07 Late 2023"]
[White "Huber, Benedikt"]
[Black "Martinez Ramirez, Lennis"]
[WhiteFideId "12923583"]
[BlackFideId "3509079"]
[WhiteElo "2199"]
[BlackElo "2439"]
[Result "0-1"]
[Round "03"]
[TimeControl "180+2"]
[Date "2023.03.07"]
[WhiteClock "0:00:13"]
[BlackClock "0:01:48"]

1. d4 Nf6 2. Nc3 d5 3. Bf4 c5 4. e4 dxe4 5. dxc5 Qxd1+ 6. Rxd1 a6 7. Nge2 Bf5 8. Ng3 Bg6 9. Bc4 e6 10. b4 Nc6 11. a3 h5 12. h4 Be7 13. O-O O-O 14. Rfe1 Rfd8 15. Rxd8+ Rxd8 16. Ngxe4 Nxe4 17. Nxe4 Rd4 18. Bd3 Bxh4 19. g3 Be7 20. Bd6 Bxd6 21. Nxd6 Bxd3 22. cxd3 Rxd3 23. Re3 Rxe3 24. fxe3 Nd8 25. Kf2 Kf8 26. Kf3 Ke7 27. Kf4 f6 28. e4 g5+ 29. Ke3 Kd7 30. Kf3 Kc6 31. Ne8 f5 32. exf5 exf5 33. Ng7 Kb5 34. Nxf5 Ka4 35. Nd6 Kxa3 36. b5 axb5 37. Nxb5+ Kb4 38. Nd6 Kxc5 39. Nxb7+ Nxb7 40. Ke4 Nd6+ 41. Ke5 Kc6 42. Kd4 Kd7 43. Ke5 Ke7 44. Kd5 0-1


[Site "https://www.chess.com"]